[Event "Team 45 45 League T67"]
[Site "Internet Chess Club"]
[Date "2016.01.29"]
[Round "8"]
[White "BrerRabbit"]
[Black "AlPearson"]
[Result "1-0"]
[WhiteElo "1464"]
[BlackElo "1378"]
[Opening "Queen's pawn: London system"]
[ECO "A45"]
[Time "10:04:31"]
[TimeControl "2700+45"]

1. d4 Nf6 2. Bf4 g6 3. e3 Bg7 4. Nf3 O-O 5. Be2 d6 6. h3 Nc6 7. c3 a6 8. Bh2 b5
9. c4 bxc4 10. Bxc4 Bb7 11. Nc3 Nb4 12. O-O Nbd5 13. Nxd5 Nxd5 14. Qb3 Nb6 15.
Be2 Bd5 16. Qc2 Qd7 17. b3 c5 18. Rac1 Rfc8 19. dxc5 Rxc5 20. Qd2 Bxf3 21. Bxf3
Rac8 22. Rxc5 Rxc5 23. Rc1 Qc8 24. Rxc5 Qxc5 25. Be2 a5 26. Bd3 Nd5 27. Bc4 Nb6
28. Qe2 Nxc4 29. Qxc4 Qxc4 30. bxc4 Kf8 31. Kf1 Ke8 32. Ke2 Kd7 33. Kd3 Kc6 34.
Kc2 a4 35. f3 Kc5 36. Kd3 Kb4 37. Bg3 Ka3 38. Kc2 Kb4 39. Kd3 Bc3 40. e4 g5 41.
f4 h6 42. e5 dxe5 43. fxe5 e6 44. c5 Bxe5 45. Bxe5 Kxc5 46. Kc3 h5 47. Bf6 g4
48. h4 Kd5 49. Kd3 e5 50. g3 Ke6 51. Bd8 Kd5 52. Bb6 f5 53. Be3 a3 54. Bc1 e4+
55. Ke3 Kc4 56. Bxa3 Kc3 57. Bd6 Kb2 58. a4 Kc2 59. a5 f4+ 60. Bxf4 Kc3 61. a6
Kc4 62. a7 Kc3 63. a8=Q Kc4 64. Qxe4+ Kc5 65. Qf5+ Kc4 66. Qxh5 Kc3 67. Qxg4 Kc4
68. Qe2+ Kd5 69. Qd3+ Kc5 70. h5 Kc6 71. h6 Kc5 72. h7 Kc6 73. Qe4+ Kc5 74. h8=Q
Kb5 75. Qh5+ Kb6 76. Qe6+ Kb7 77. Qh7+ Ka8 78. Qe8# {Black checkmated} 1-0

[Event "Team 45 45 League T67"]
[Site "Internet Chess Club"]
[Date "2016.01.28"]
[Round "8"]
[White "chuckh2"]
[Black "PsyMar"]
[Result "0-1"]
[WhiteElo "1384"]
[BlackElo "1436"]
[Opening "Queen's pawn: London system"]
[ECO "A45"]
[Time "17:09:24"]
[TimeControl "2700+45"]

1. d4 Nf6 2. Bf4 d6 3. e3 Bg4 4. Nf3 Nbd7 5. h3 Bh5 6. Bd3 e5 7. g4 exf4 8. gxh5
Nxh5 9. e4 Be7 10. c4 g6 11. Nc3 Bh4 12. Nxh4 Qxh4 13. Qg4 Qf6 14. Nb5 Rc8 15.
e5 dxe5 16. O-O-O Qd8 17. Qf3 c6 18. Nd6+ Kf8 19. Nxc8 Qxc8 20. Bc2 Kg7 21. Rhg1
Nhf6 22. dxe5 Nxe5 23. Qxf4 Re8 24. Bf5 Qc7 25. Qd4 Nf3 26. Qc3 Nxg1 27. Rxg1
Qf4+ 28. Qd2 Qxf5 29. h4 Kf8 30. Qd6+ Kg7 31. Qg3 Ne4 32. Qe3 Qxf2 33. Qxf2 Nxf2
34. h5 f5 35. hxg6 hxg6 36. Kd2 Re4 37. b3 Kf6 38. Rf1 Rf4 39. Ke3 g5 40. Rxf2
Rxf2 41. Kxf2 Ke5 42. Ke3 g4 {White resigns} 0-1

[Event "Team 45 45 League T67"]
[Site "Internet Chess Club"]
[Date "2016.01.29"]
[Round "8"]
[White "Bible-Believer"]
[Black "drsigmund1"]
[Result "0-1"]
[WhiteElo "1471"]
[BlackElo "1505"]
[Opening "French: advance, Paulsen attack"]
[ECO "C02"]
[Time "21:00:19"]
[TimeControl "2700+45"]

1. e4 e6 2. d4 d5 3. e5 c5 4. c3 Nc6 5. Nf3 Nge7 6. Bd3 Qb6 7. O-O Bd7 8. Qe2
cxd4 9. cxd4 Nxd4 10. Nxd4 Qxd4 11. Nc3 Nc6 12. Nb5 Qxe5 13. Qxe5 Nxe5 14. Nc7+
Kd8 15. Nxa8 Nxd3 16. Rd1 Nxc1 17. Raxc1 Bd6 18. Rd2 Bc6 19. Rdc2 Kd7 20. Nb6+
axb6 21. a3 Ba4 {White resigns} 0-1

[Event "Team 45 45 League T67"]
[Site "Internet Chess Club"]
[Date "2016.01.31"]
[Round "8"]
[White "Andressa"]
[Black "chesskix"]
[Result "1/2-1/2"]
[WhiteElo "1401"]
[BlackElo "1493"]
[Opening "Sicilian defense"]
[ECO "B30"]
[Time "14:13:53"]
[TimeControl "2700+45"]

1. e4 c5 2. Nf3 Nc6 3. Nc3 g6 4. Bc4 e6 5. d4 cxd4 6. Nxd4 Be7 7. Nxc6 dxc6 8.
Qxd8+ Bxd8 9. e5 Ne7 10. O-O O-O 11. Bh6 Re8 12. Ne4 Nf5 13. Bf4 b5 14. Bd3 Be7
15. g4 Nd4 16. Be3 Nf3+ 17. Kg2 Nxe5 18. g5 Nd7 19. a4 a6 20. axb5 cxb5 21. Kg1
Bb7 22. h4 Ne5 23. f4 Nc4 24. Bc1 Rac8 25. b3 Nd6 26. Nf6+ Bxf6 27. gxf6 Nf5 28.
Bxf5 exf5 29. Rd1 Rxc2 30. Ba3 Rg2+ 31. Kf1 h5 32. Be7 Rg4 33. Rd7 Rxf4+ 34. Ke2
Bc6 35. Rc7 Bd5 36. b4 Bc4+ 37. Kd2 Rxh4 38. Rxa6 Rh2+ 39. Kc1 f4 40. Rd6 f3 41.
Rd1 f2 42. Rxc4 bxc4 43. b5 c3 44. b6 c2 45. Rf1 Rg2 46. Kxc2 Rc8+ 47. Kd3 Rb8
48. Bc5 Rd8+ 49. Kc4 Rg4+ 50. Kb5 Rd2 51. Bxf2 Rb2+ 52. Kc6 Rf4 53. b7 Rc4+ 54.
Bc5 Rcc2 55. Ra1 Rxc5+ 56. Kxc5 Rxb7 57. Ra8+ Kh7 58. Kd6 h4 59. Ra1 Kh6 60. Ke5
g5 61. Ra8 Kh5 62. Kf5 Rb5+ 63. Ke4 Kg6 64. Ra6 Rf5 65. Ra8 Rxf6 66. Rg8+ Kh6
67. Ke5 Rf1 68. Ke4 f5+ 69. Ke5 f4 70. Kf6 Kh7 71. Rxg5 Ra1 72. Rh5+ Kg8 73.
Rxh4 f3 74. Rf4 Ra8 75. Rg4+ Kf8 76. Rh4 Ra6+ 77. Ke5 f2 78. Rf4+ Ke7 79. Rxf2
Re6+ 80. Kd5 Rd6+ 81. Ke5 Re6+ 82. Kd5 {Game drawn by mutual agreement} 1/2-1/2

[Event "Team 45 45 League T67"]
[Site "Internet Chess Club"]
[Date "2016.01.29"]
[Round "8"]
[White "kingsrook"]
[Black "Leon13"]
[Result "1/2-1/2"]
[WhiteElo "1354"]
[BlackElo "1381"]
[Opening "QGD: Marshall defense"]
[ECO "D06"]
[Time "13:00:16"]
[TimeControl "2700+45"]

1. d4 d5 2. c4 Nf6 3. Nc3 c6 4. e3 Bg4 5. Be2 h5 6. Nf3 Ne4 7. h3 Bf5 8. O-O e6
9. Ne5 Qg5 10. Nf3 Qg6 11. Nh4 Qf6 12. Nxf5 Qxf5 13. Bd3 Qg6 14. f3 f5 15. fxe4
fxe4 16. Be2 Nd7 17. a3 O-O-O 18. b4 Bd6 19. Qe1 Bg3 20. Qd1 Rdf8 21. Bd2 Rxf1+
22. Qxf1 Rf8 23. Qd1 e5 24. Bxh5 Bf2+ 25. Kh1 Qg3 {Game drawn by mutual
agreement} 1/2-1/2